Map: Cryptic Fortress

Players

masalamuscle

  • Race: Protoss Protoss
  • Spawn Location: 3:00

UMBRELLACORP

  • Race: Protoss Protoss
  • Spawn Location: 9:00

StevenSeagal

  • Race: Protoss Protoss
  • Spawn Location: 12:00

Jim

  • Race: Protoss Protoss
  • Spawn Location: 12:00

Grumm - Winner!

  • Race: Zerg Zerg
  • League: Gold
  • Spawn Location: 7:00

BattlePro - Winner!

  • Race: Protoss Protoss
  • Spawn Location: 6:00

HowRealRU - Winner!

  • Race: Zerg Zerg
  • Spawn Location: 6:00

Adwin - Winner!

  • Race: Protoss Protoss
  • Spawn Location: 5:00

VOD

Have the link to the VOD?

Description

Time

  • Played on: Feb. 16, 2016, 1:44 a.m.
  • Length: 15:53
Show
View Real Time Build Order
Export as new Build Order

masalamuscle Protoss 

Build Orders: 1 Gate Expand 

Get SALT Encoding   

  12  0:03  Probe (Chrono Boost)  
  13  0:16  Probe (Chrono Boost)  
  14  0:22  Pylon  
  14  0:27  Probe (Chrono Boost)  
  15  0:40  Probe (Chrono Boost)  
  16  0:48  Gateway  
  16  0:51  Probe (Chrono Boost)  
  17  1:16  Nexus  
  17  1:28  Gateway  
  17  1:32  Assimilator  
  17  1:41  Cybernetics Core  
  17  1:51  Assimilator, Probe (Chrono Boost)  
  18  2:04  Assimilator  
  18  2:07  Assimilator  
  18  2:13  Probe (Chrono Boost)  
  19  2:23  Probe (Chrono Boost)  
  20  2:33  Probe (Chrono Boost)  
  21  2:41  Zealot  
  21  2:43  Probe (Chrono Boost), Zealot  
  26  2:49  Probe (Chrono Boost)  
  27  2:54  Pylon, Probe (Chrono Boost)  
  28  2:59  Probe (Chrono Boost)  
  29  3:07  Pylon  
  29  3:23  Stargate  
  29  3:24  Stargate  
  29  3:31  Probe (Chrono Boost)  
  31  3:41  Probe (Chrono Boost)  
  31  3:46  Stargate  
  31  3:52  Probe (Chrono Boost)  
  28  4:05  Probe (Chrono Boost)  
  28  4:11  Void Ray  
  28  4:16  Probe (Chrono Boost)  
  31  4:27  Probe (Chrono Boost)  
  32  4:38  Stargate, Probe (Chrono Boost)  
  31  4:40  Probe (Chrono Boost)  
  30  4:48  Probe (Chrono Boost)  
  30  4:50  Probe (Chrono Boost)  
Show
View Real Time Build Order
Export as new Build Order

UMBRELLACORP Protoss 

Build Orders:  

Get SALT Encoding   

  12  0:04  Probe (Chrono Boost)  
  13  0:28  Probe (Chrono Boost)  
  14  0:35  Pylon  
  14  0:40  Probe (Chrono Boost)  
  15  0:53  Probe (Chrono Boost)  
  15  0:54  Gateway  
  16  1:04  Probe (Chrono Boost)  
  17  1:06  Forge  
  17  1:14  Probe (Chrono Boost)  
  17  1:16  Assimilator  
  18  1:20  Assimilator  
  18  1:25  Probe (Chrono Boost)  
  19  1:28  Pylon  
  19  1:35  Probe (Chrono Boost)  
  20  1:50  Cybernetics Core  
  20  1:58  Photon Cannon  
  20  2:05  Probe (Chrono Boost)  
  21  2:15  Probe (Chrono Boost)  
  22  2:19  Pylon  
  22  2:26  Probe (Chrono Boost)  
  22  2:27  Stargate  
  23  2:39  Photon Cannon  
  23  2:49  Mothership Core (Chrono Boost)  
  25  3:11  Void Ray (Chrono Boost)  
  29  3:37  Nexus  
  29  4:40  Void Ray (Chrono Boost)  
  27  5:17  Void Ray (Chrono Boost)  
  27  5:20  Stargate  
  31  5:23  Stargate  
  31  5:29  Probe  
  31  5:35  Probe  
  33  5:39  Probe  
  34  5:47  Probe  
  35  5:50  Probe  
  35  5:53  Assimilator  
  35  5:54  Void Ray (Chrono Boost)  
  40  5:58  Assimilator  
  40  5:59  Probe  
  40  6:00  Probe  
  42  6:11  Probe x2  
  51  6:16  Void Ray x2 (Chrono Boost)  
  52  6:21  Probe  
  52  6:23  Probe  
  54  6:40  Pylon  
  54  6:42  Pylon  
  54  6:45  Pylon  
  54  6:48  Pylon, Probe  
  54  6:59  Probe  
  48  7:09  Probe x2  
  54  7:16  Void Ray (Chrono Boost)  
  54  7:20  Void Ray (Chrono Boost)  
  54  7:21  Void Ray (Chrono Boost)  
  54  7:22  Probe  
  63  7:23  Photon Cannon  
  63  7:25  Pylon  
  63  7:32  Probe  
  63  7:34  Probe  
  65  7:43  Probe  
  65  7:46  Probe  
  67  7:53  Protoss Air Weapons Level 1  
  67  7:54  Void Ray (Chrono Boost)  
  67  7:55  Probe  
  67  7:58  Void Ray (Chrono Boost), Probe  
  77  8:04  Void Ray (Chrono Boost)  
  81  8:07  Probe  
  78  8:31  Void Ray (Chrono Boost)  
  78  8:47  Void Ray (Chrono Boost)  
  62  9:22  Void Ray x2 (Chrono Boost)  
  70  9:30  Void Ray (Chrono Boost)  
  74  9:47  Protoss Air Armor Level 1  
  74  9:59  Void Ray x2 (Chrono Boost)  
  66  10:13  Void Ray (Chrono Boost)  
  50  10:36  Void Ray (Chrono Boost)  
  50  10:38  Void Ray (Chrono Boost)  
  62  10:56  Void Ray (Chrono Boost)  
  62  11:14  Void Ray (Chrono Boost)  
  70  11:21  Void Ray (Chrono Boost)  
  78  12:06  Void Ray x2 (Chrono Boost)  
  77  13:14  Void Ray (Chrono Boost)  
  69  13:21  Void Ray (Chrono Boost)  
  57  13:51  Void Ray x2 (Chrono Boost)  
  65  14:04  Void Ray (Chrono Boost)  
  65  14:28  Void Ray (Chrono Boost)  
Show
View Real Time Build Order
Export as new Build Order

StevenSeagal Protoss 

Build Orders:  

Get SALT Encoding   

  12  0:03  Probe (Chrono Boost)  
  13  0:13  Probe (Chrono Boost)  
  14  0:25  Pylon  
  14  0:31  Probe (Chrono Boost)  
  15  0:45  Gateway  
  15  0:51  Forge  
  15  0:54  Probe (Chrono Boost)  
  16  1:03  Pylon  
  16  1:24  Probe (Chrono Boost)  
  17  1:32  Gateway  
  17  1:34  Pylon  
  17  1:39  Cybernetics Core  
  17  1:41  Probe (Chrono Boost)  
  18  2:20  Probe (Chrono Boost)  
  19  2:23  Assimilator  
  19  2:25  Assimilator  
  19  2:29  Pylon  
  19  2:31  Probe (Chrono Boost)  
  20  2:45  Probe (Chrono Boost)  
  21  2:55  Probe (Chrono Boost)  
  22  3:04  Nexus  
  22  3:18  Pylon  
  22  3:22  Adept x2  
  22  3:24  Warp Gate  
  26  3:33  Robotics Facility  
  25  3:49  Probe (Chrono Boost)  
  26  3:59  Probe (Chrono Boost)  
  27  4:03  Adept x2  
  27  4:08  Pylon  
  31  4:10  Probe (Chrono Boost)  
  32  4:42  Stalker x2  
  28  5:09  Immortal (Chrono Boost)  
  32  5:15  Photon Cannon  
  32  5:22  Photon Cannon  
  32  5:31  Stalker  
  32  5:32  Stalker  
  36  5:46  Immortal (Chrono Boost)  
  36  5:48  Gateway  
  32  6:06  Stalker  
Show
View Real Time Build Order
Export as new Build Order

Jim Protoss 

Build Orders:  

Get SALT Encoding   

  12  0:06  Probe (Chrono Boost)  
  13  0:16  Probe (Chrono Boost)  
  13  0:20  Pylon  
  14  0:27  Probe (Chrono Boost)  
  15  0:39  Probe (Chrono Boost)  
  16  0:45  Gateway  
  16  0:49  Probe (Chrono Boost)  
  17  0:57  Assimilator  
  17  1:00  Probe (Chrono Boost)  
  18  1:05  Assimilator  
  18  1:10  Probe (Chrono Boost)  
  19  1:21  Probe (Chrono Boost)  
  20  1:31  Probe (Chrono Boost)  
  21  1:36  Cybernetics Core  
  21  1:39  Pylon  
  21  1:42  Probe (Chrono Boost)  
  21  1:45  Pylon  
  22  2:06  Nexus  
  22  2:13  Pylon  
  22  2:14  Probe (Chrono Boost)  
  23  2:23  Pylon  
  23  2:29  Probe (Chrono Boost)  
  24  2:40  Probe (Chrono Boost)  
  25  2:45  Stargate  
  25  2:50  Assimilator, Probe (Chrono Boost)  
  26  2:56  Assimilator  
  26  3:01  Probe (Chrono Boost)  
  27  3:07  Protoss Air Weapons Level 1  
  27  3:12  Probe (Chrono Boost)  
  28  3:19  Probe (Chrono Boost)  
  29  3:23  Probe (Chrono Boost)  
  30  3:29  Probe (Chrono Boost)  
  30  3:33  Probe (Chrono Boost)  
  32  3:39  Void Ray  
  32  3:40  Probe (Chrono Boost)  
  37  3:44  Probe (Chrono Boost)  
  38  3:50  Probe (Chrono Boost)  
  38  3:55  Stargate  
  40  4:03  Probe (Chrono Boost)  
  40  4:13  Probe (Chrono Boost)  
  41  4:24  Probe (Chrono Boost)  
  42  4:26  Void Ray  
  46  4:34  Probe (Chrono Boost)  
  47  4:38  Void Ray  
  47  4:45  Probe (Chrono Boost)  
  52  4:55  Probe (Chrono Boost)  
  52  4:57  Stargate  
  53  5:06  Probe (Chrono Boost)  
  50  5:22  Void Ray  
  50  5:25  Void Ray  
  58  5:50  Protoss Air Armor Level 1  
  58  5:54  Void Ray  
  62  5:58  Probe (Chrono Boost)  
  63  6:08  Stargate, Probe (Chrono Boost)  
  56  6:19  Probe (Chrono Boost)  
  56  6:22  Void Ray  
  56  6:23  Void Ray  
  65  6:40  Void Ray  
  69  7:40  Pylon  
  69  7:42  Pylon  
  69  7:54  Void Ray  
  69  7:57  Void Ray x2  
  77  8:00  Void Ray  
  81  8:37  Void Ray  
  85  8:51  Pylon  
  85  8:55  Void Ray  
  86  8:56  Pylon  
  86  8:58  Void Ray  
  86  8:59  Pylon  
  86  9:00  Void Ray  
  73  9:20  Void Ray  
  25  11:07  Void Ray x2  
Show
View Real Time Build Order
Export as new Build Order

Grumm Zerg - Winner!

Build Orders: 3 Hatch before Pool 

Get SALT Encoding   

  12  0:27  Hatchery  
  11  0:33  Drone  
  12  0:37  Drone  
  13  0:46  Overlord  
  13  0:55  Drone  
  14  1:21  Drone  
  14  1:23  Hatchery  
  14  1:28  Drone x2  
  16  1:46  Spawning Pool  
  15  1:48  Drone  
  16  1:59  Drone x2  
  18  2:14  Extractor  
  17  2:20  Drone x2  
  17  2:21  Drone x2  
  17  2:22  Drone x2  
  23  2:27  Extractor  
  22  2:36  Drone x3, Extractor  
  24  2:42  Roach Warren  
  23  2:44  Zergling x4  
  25  2:55  Overlord  
  25  2:58  Queen  
  25  3:02  Queen  
  29  3:20  Drone x7  
  36  3:28  Roach x2  
  40  3:50  Roach  
  42  4:10  Overlord x2  
  42  4:15  Queen  
  41  4:19  Queen x2  
  41  4:25  Spore Crawler  
  41  4:26  Spore Crawler  
  35  4:38  Spore Crawler  
  35  4:43  Spore Crawler  
  28  5:11  Lair  
  26  5:31  Overlord  
  26  5:32  Overlord  
  26  5:33  Roach x7  
  26  5:34  Roach x6  
  52  5:37  Spine Crawler  
  51  5:57  Drone x5  
  51  5:58  Drone x2  
  58  6:09  Metabolic Boost  
  58  6:28  Drone x10  
  44  7:10  Hydralisk Den  
  44  7:13  Spire  
  44  7:15  Drone x2  
  42  7:17  Drone  
  42  7:18  Drone x12  
  55  7:48  Hydralisk x4  
  57  8:07  Hydralisk x2  
  57  8:12  Extractor  
  57  8:15  Extractor  
  54  8:25  Hatchery  
  35  8:35  Extractor  
  35  8:37  Extractor  
  25  9:08  Hatchery  
  24  9:29  Spawning Pool  
  23  9:45  Drone x3  
  26  10:10  Hatchery  
  24  11:23  Hatchery  
  23  11:30  Hatchery  
  22  11:32  Hatchery  
  21  11:55  Spawning Pool  
  20  12:54  Lair  
  20  13:34  Drone x6  
  21  13:39  Drone  
  27  14:00  Spire  
  24  14:06  Drone x2  
  22  15:13  Corruptor x6  
Show
View Real Time Build Order
Export as new Build Order

BattlePro Protoss - Winner!

Build Orders: Zealot Archon 

Get SALT Encoding   

  12  0:02  Probe (Chrono Boost)  
  13  0:21  Pylon  
  13  0:23  Probe (Chrono Boost)  
  14  0:33  Probe (Chrono Boost)  
  15  0:52  Gateway  
  15  1:02  Gateway  
  15  1:05  Probe (Chrono Boost)  
  15  1:11  Assimilator  
  16  1:15  Assimilator, Probe (Chrono Boost)  
  18  1:32  Probe (Chrono Boost)  
  18  1:43  Probe (Chrono Boost)  
  18  1:44  Cybernetics Core  
  19  1:47  Gateway  
  19  2:16  Probe (Chrono Boost)  
  19  2:20  Warp Gate (Chrono Boost)  
  20  2:27  Probe  
  21  2:38  Nexus  
  21  2:59  Gateway  
  21  3:09  Twilight Council  
  21  3:11  Pylon  
  21  3:27  Pylon  
  21  3:49  Probe  
  21  3:53  Probe  
  23  3:59  Probe  
  23  4:02  Dark Shrine  
  24  4:05  Probe  
  25  4:31  Stalker x3  
  27  4:32  Stalker  
  31  5:16  Dark Templar x4  
  31  5:21  Gateway  
  39  5:24  Gateway  
  39  5:32  Archon  
  39  5:33  Archon  
  39  5:52  Assimilator  
  39  5:54  Probe  
  40  5:57  Assimilator  
  40  5:59  Probe  
  41  6:04  Probe  
  38  7:15  Dark Templar x5  
  44  7:16  Dark Templar  
  50  7:35  Pylon  
  50  7:56  Archon x2  
  50  7:57  Archon  
  34  9:15  Dark Templar x2  
  34  9:16  Dark Templar x3  
  40  9:32  Archon x2  
  40  9:36  Dark Templar  
  42  9:40  Archon  
  41  10:14  Probe  
  42  10:25  Probe  
  35  10:41  Dark Templar x2  
  35  10:42  Dark Templar x2  
  38  10:52  Archon  
  38  10:54  Archon  
  16  11:36  Assimilator  
  16  11:38  Pylon, Nexus  
  16  11:41  Assimilator  
  16  13:03  Pylon  
  16  13:30  Gateway  
  16  13:45  Probe  
  17  14:19  Cybernetics Core  
  14  14:57  Assimilator  
  14  15:00  Nexus  
  14  15:13  Pylon  
  14  15:15  Pylon  
Show
View Real Time Build Order
Export as new Build Order

HowRealRU Zerg - Winner!

Build Orders: Pool First 

Get SALT Encoding   

  12  0:02  Drone  
  13  0:13  Overlord  
  13  0:22  Drone  
  14  0:33  Drone x2  
  16  0:49  Drone  
  18  0:50  Drone  
  18  1:05  Spawning Pool  
  18  1:06  Drone  
  18  1:09  Extractor  
  17  1:38  Drone x2  
  17  1:39  Drone  
  20  1:56  Drone  
  21  2:02  Queen  
  21  2:03  Spine Crawler  
  21  2:07  Spore Crawler  
  21  2:19  Hatchery  
  20  2:27  Zergling x4  
  20  2:29  Overlord  
  22  2:33  Metabolic Boost  
  22  2:36  Extractor  
  21  2:45  Zergling x2  
  22  3:00  Lair  
  22  3:05  Spine Crawler  
  21  3:08  Drone x2, Spore Crawler  
  22  3:31  Zergling x8  
  25  3:47  Zergling x6  
  26  4:01  Zergling x2  
  27  4:05  Hydralisk Den  
  27  4:09  Drone x3  
  29  4:14  Queen  
  31  4:18  Overseer  
  31  4:33  Overlord  
  31  4:34  Drone x3  
  34  4:40  Drone  
  34  4:41  Drone  
  36  5:23  Overlord, Muscular Augments  
  36  5:24  Drone x2  
  36  5:26  Drone x3  
  41  5:41  Evolution Chamber  
  40  5:45  Evolution Chamber  
  40  5:49  Evolution Chamber  
  38  5:52  Pneumatized Carapace  
  38  5:56  Drone x2  
  40  5:59  Extractor  
  40  6:00  Burrow  
  40  6:03  Drone x4, Extractor  
  42  6:36  Drone x3  
  42  6:37  Drone x2  
  47  6:47  Overlord  
  47  6:50  Overseer x2  
  47  7:18  Nydus Network  
  46  7:23  Overseer  
  46  7:48  Hatchery  
  45  7:51  Hydralisk  
  45  7:52  Hydralisk x5  
  45  7:55  Zergling x6  
  60  7:59  Overlord  
  60  8:00  Overlord x6  
  60  8:01  Overlord x3  
  60  8:32  Nydus Canal  
  60  8:39  Hydralisk x6  
  72  8:54  Nydus Canal  
  72  9:30  Nydus Canal  
  63  9:32  Hydralisk x4  
  63  9:38  Drone x3  
  59  9:41  Drone x5  
  63  9:58  Extractor  
  62  10:01  Extractor  
  61  10:17  Drone  
  61  10:18  Drone x2  
  61  10:21  Queen  
  66  10:24  Zerg Missile Weapons Level 1  
  66  10:26  Zerg Ground Armor Level 1  
  66  10:30  Hydralisk x5  
  76  10:48  Zergling x10  
  76  10:49  Zergling x2  
  82  10:50  Drone  
  82  10:51  Drone x2  
  85  11:08  Drone  
  86  11:25  Hydralisk x5  
  88  11:28  Hydralisk x2  
  88  11:29  Hydralisk x3  
  106  11:37  Hydralisk Den  
  106  11:38  Drone x2  
  106  11:39  Drone  
  92  12:04  Hatchery  
  89  12:09  Lair  
  89  12:14  Hydralisk  
  89  12:15  Hydralisk x5  
  101  12:29  Drone x2, Queen  
  104  12:30  Drone x3  
  64  13:10  Hydralisk  
  64  13:11  Hydralisk x4  
  72  13:19  Hydralisk x4  
  72  13:26  Hydralisk  
  82  13:32  Drone x11  
  82  13:33  Drone x4  
  82  13:58  Hatchery  
  81  14:08  Hydralisk x5  
  80  14:28  Hydralisk x3  
  81  15:24  Hydralisk x3  
  81  15:25  Hydralisk x4  
  95  15:29  Drone x2  
Show
View Real Time Build Order
Export as new Build Order

Adwin Protoss - Winner!

Build Orders: Nexus First 

Get SALT Encoding   

  12  0:42  Probe (Chrono Boost)  
  13  0:44  Nexus  
  13  0:52  Probe (Chrono Boost)  
  14  1:03  Probe (Chrono Boost)  
  15  1:13  Pylon  
  15  1:20  Pylon  
  15  1:31  Probe (Chrono Boost)  
  16  1:41  Probe (Chrono Boost)  
  16  1:46  Gateway  
  17  1:51  Gateway  
  17  1:57  Assimilator  
  17  2:02  Assimilator  
  17  2:09  Probe (Chrono Boost)  
  18  2:19  Probe (Chrono Boost)  
  19  2:30  Probe (Chrono Boost)  
  19  2:36  Cybernetics Core  
  20  2:40  Probe x2 (Chrono Boost)  
  22  2:45  Assimilator  
  22  2:50  Zealot  
  26  2:51  Probe x2 (Chrono Boost)  
  26  2:55  Assimilator  
  26  3:02  Probe (Chrono Boost)  
  26  3:04  Probe (Chrono Boost)  
  28  3:12  Probe (Chrono Boost)  
  29  3:13  Stalker  
  29  3:14  Probe (Chrono Boost)  
  32  3:23  Mothership Core (Chrono Boost)  
  32  3:25  Probe (Chrono Boost), Stalker  
  37  3:35  Probe (Chrono Boost)  
  38  3:45  Probe (Chrono Boost)  
  38  3:46  Probe (Chrono Boost)  
  40  3:49  Pylon  
  40  3:50  Sentry  
  42  3:56  Probe x2 (Chrono Boost)  
  44  4:03  Stalker  
  44  4:08  Probe x2 (Chrono Boost)  
  48  4:16  Stalker  
  50  4:18  Probe (Chrono Boost)  
  51  4:33  Stalker  
  51  4:36  Pylon  
  51  4:45  Pylon  
  51  4:46  Stalker  
  51  4:52  Pylon  
  51  5:03  Stalker  
  53  5:15  Pylon  
  53  5:17  Sentry  
  55  5:33  Sentry  
  55  5:34  Pylon  
  57  5:36  Pylon  
  57  5:39  Pylon  
  57  5:43  Stalker  
  59  5:59  Stalker  
  61  6:04  Forge  
  61  6:07  Pylon  
  61  6:10  Pylon  
  57  6:12  Stalker  
  57  6:14  Pylon  
  57  6:18  Pylon  
  53  6:29  Stalker  
  55  6:42  Stalker  
  57  6:49  Photon Cannon  
  57  6:51  Nexus, Photon Cannon  
  57  6:53  Assimilator, Photon Cannon  
  57  6:57  Photon Cannon  
  57  6:58  Assimilator  
  57  6:59  Stalker  
  57  7:00  Photon Cannon  
  59  7:04  Photon Cannon  
  59  7:06  Photon Cannon  
  59  7:07  Nexus  
  59  7:12  Stalker  
  63  7:30  Sentry  
  63  7:31  Photon Cannon  
  63  7:33  Photon Cannon  
  63  7:34  Photon Cannon  
  63  7:37  Photon Cannon  
  63  7:43  Sentry  
  65  7:56  Sentry  
  67  7:59  Pylon  
  67  8:03  Pylon  
  67  8:07  Pylon  
  67  8:09  Sentry  
  67  8:10  Pylon  
  69  8:15  Protoss Ground Weapons Level 1  
  69  8:21  Photon Cannon  
  69  8:22  Sentry  
  71  8:34  Gateway  
  71  8:35  Gateway  
  71  8:36  Sentry  
  73  8:49  Sentry  
  73  8:51  Photon Cannon  
  73  8:53  Photon Cannon  
  75  9:04  Photon Cannon  
  75  9:05  Stalker, Photon Cannon  
  75  9:07  Photon Cannon  
  75  9:09  Photon Cannon  
  77  9:15  Sentry  
  69  10:10  Protoss Ground Armor Level 1  
  49  10:28  Stalker  
  49  10:29  Stalker x3  
  51  10:46  Probe (Chrono Boost)  
  52  10:57  Probe (Chrono Boost)  
  53  10:58  Stalker x2  
  53  10:59  Probe (Chrono Boost), Stalker x2  
  62  11:05  Probe (Chrono Boost)  
  62  11:07  Probe (Chrono Boost)  
  62  11:10  Probe (Chrono Boost)  
  65  11:16  Probe (Chrono Boost)  
  65  11:18  Probe (Chrono Boost)  
  67  11:20  Probe (Chrono Boost)  
  67  11:21  Twilight Council  
  68  11:26  Probe (Chrono Boost)  
  68  11:27  Pylon  
  68  11:28  Stalker x2  
  68  11:29  Stalker x2  
  68  11:31  Probe (Chrono Boost)  
  78  11:41  Probe (Chrono Boost)  
  71  11:58  Stalker x2  
  71  11:59  Stalker x2  
  71  12:04  Protoss Shields Level 1  
  71  12:08  Gateway  
  71  12:12  Gateway  
  71  12:15  Blink  
  71  12:28  Pylon, Stalker x3  
  71  12:29  Stalker  
  79  12:31  Pylon  
  79  12:34  Pylon  
  79  12:52  Photon Cannon  
  79  12:54  Photon Cannon  
  79  12:57  Photon Cannon  
  79  12:58  Stalker x3  
  79  12:59  Stalker, Photon Cannon  
  79  13:00  Photon Cannon  
  79  13:03  Photon Cannon  
  87  13:07  Photon Cannon  
  64  13:28  Stalker x2  
  64  13:34  Stalker x3  
  64  13:35  Stalker  
  70  13:47  Probe (Chrono Boost)  
  71  13:49  Probe (Chrono Boost)  
  72  13:57  Probe (Chrono Boost)  
  72  13:58  Stalker x2  
  72  13:59  Probe (Chrono Boost)  
  78  14:04  Stalker x4  
  78  14:08  Probe (Chrono Boost)  
  88  14:10  Probe (Chrono Boost)  
  88  14:28  Stalker x2  
  92  14:54  Stalker x4  
  92  14:58  Stalker x2  
  104  15:08  Photon Cannon  
Tags
 
Add a new tag
Caveats
  • Supply blocks, unpowered buildings, or Contaminate may cause inaccurate times.
  • Supply counts are checked every 10 seconds.